 Dungeon Crawl Stone Soup version 0.24.0-13-gcf9b3192b9 (webtiles) character file.

Game seed: 491336523836877997, levelgen mode: deterministic

10612 Yermak the Severer (level 11, -5/100 HPs)
             Began as a Deep Dwarf Fighter on Nov 10, 2019.
             Was a High Priest of Dithmenos.
             Slain by an orc warrior
             ... wielding a +0 mace
              (6 damage)
             ... on level 1 of the Orcish Mines.
             The game lasted 00:19:38 (2804 turns).

Yermak the Severer (Deep Dwarf Fighter)             Turns: 2804, Time: 00:19:39

Health: -5/100     AC: 12    Str: 22    XL:     11   Next: 38%
Magic:  8/8        EV:  5    Int: 10    God:    Dithmenos [*****.]
Gold:   0          SH: 11    Dex: 12    Spells: 10/10 levels left

rFire    . . .     SeeInvis .   a - +0 war axe
rCold    + . .     Gourm    .   m - +0 shield
rNeg     . . .     Faith    +   q - +0 plate armour
rPois    +         Spirit   .   (no helmet)
rElec    .         Reflect  .   (no cloak)
rCorr    .         Harm     .   (no gloves)
MR       +....                  x - +0 pair of boots
Stlth    ..........             y - amulet of faith
HPRegen  0.00/turn              c - ring of protection from cold
MPRegen  0.11/turn              o - ring of poison resistance

@: non-regenerating, wreathed by umbra
A: damage resistance, heal wounds, sense surroundings 2, no regeneration
a: Heal Wounds, Shadow Step, Shadow Form, Renounce Religion


You were on level 1 of the Orcish Mines.
You worshipped Dithmenos.
Dithmenos was extremely pleased with you.
You were very full.

You visited 2 branches of the dungeon, and saw 13 of its levels.
You also visited: Sewer.

Inventory:

Hand Weapons
 a - a +0 war axe (weapon)
 b - a +1 vampiric falchion
Missiles
 v - 2 javelins (quivered)
 F - 7 curare-tipped darts
Armour
 e - a +0 chain mail
 m - a +0 shield (worn)
 q - a +0 plate armour (worn)
 w - a +0 scale mail
 x - a +0 pair of boots (worn)
Jewellery
 c - a ring of protection from cold (left hand)
 o - a ring of poison resistance (right hand)
 y - an amulet of faith (around neck)
Wands
 u - a wand of random effects (25)
 A - a wand of acid (7)
 P - a wand of paralysis (9)
Scrolls
 g - 2 scrolls of remove curse {unknown}
 i - a scroll of immolation
 j - 2 scrolls of noise
 k - a scroll of magic mapping
 l - a scroll of enchant armour
 p - 3 scrolls of blinking {unknown}
 D - a scroll of enchant weapon {unknown}
 T - 2 scrolls of teleportation
Potions
 d - a potion of might
 f - 2 potions of flight {unknown}
 h - a potion of heal wounds
 n - a potion of brilliance
 r - a potion of magic
 s - 3 potions of curing {unknown}
 t - a potion of invisibility
 B - a potion of degeneration
 C - a potion of cancellation
Miscellaneous
 E - a lightning rod (1/4)
 U - a phial of floods
Comestibles
 z - a ration


   Skills:
 - Level 7.4 Fighting
 + Level 3.9 Long Blades
 - Level 15.1 Axes
 - Level 3.2 Armour
 - Level 1.0 Dodging
 - Level 9.0 Shields
 + Level 2.0 Evocations


You had 10 spell levels left.
You didn't know any spells.
Your spell library was empty.

Dungeon Overview and Level Annotations

Branches:
Dungeon (12/15)            Temple (0/1) D:6            Lair (0/6) D:10
    Orc (1/2) D:10          Sewer (visited)

Altars:
Dithmenos
Elyvilon
Sif Muna

Shops:
D:4 [

Annotations:
D:10 1 runed translucent door, zkyp's ghost, journeyman DgAr
Orc:1 Jorgrun


Innate Abilities, Weirdness & Mutations

You are resistant to damage.
You can heal yourself by infusing magical energy.
You passively map the area around you.
You do not regenerate.


Message History

Unknown command.
You barely miss Jorgrun. You miss something. You slash the orc!
You kill the orc!
Dithmenos accepts your kill.
You slice the orc!!
You kill the orc!
Dithmenos accepts your kill.
You closely miss the orc. Jorgrun barely misses you.
Something hits you but does no damage.
Unknown command.
You slash Jorgrun!
Jorgrun is lightly wounded.
You slash the orc!
You kill the orc!
Dithmenos accepts your kill.
Your shield and plate armour prevent you from hitting the orc.
Your plate armour prevents you from hitting the orc warrior.
You closely miss something.
The orc priest casts a cantrip, but nothing happens.
The orc warrior hits you but does no damage.
Unknown command.
You slash Jorgrun!
Jorgrun is lightly wounded.
You barely miss something.
Your plate armour prevents you from hitting the orc.
You slash the orc warrior! The orc barely misses you.
Jorgrun casts a spell at you.
You are slowing down.
You hear some strange, mumbled words.
A magic dart appears from out of thin air!
The magic dart hits you.
* * * LOW HITPOINT WARNING * * *
The orc priest calls upon Beogh to heal the orc priest.
The orc priest's wounds heal themselves!
Unknown command.
You feel limber!
Your magical effects are unravelling.
You feel magically purged.
You feel a little less mighty now. Something hits you but does no damage.
The orc warrior barely misses you. The orc hits you but does no damage.
Jorgrun hits you with an uncursed staff of earth.
Jorgrun crushes you!
* * * LOW HITPOINT WARNING * * *
The orc priest hits you with a +0 mace.
You hear some strange, mumbled words.
A puff of frost appears from out of thin air!
The puff of frost hits you. You resist.
The orc warrior hits you with a +0 mace!
You die...

, ##$..... ......
##.#.. ........ . ,
, , ,, #.....
.......... ,
.....##......... , ,
, , #....#.........,
,
,,...##.)#).#.#...#.
, , *
go.).))..o†....... ,
* **
..)#....goo)#.... ,
, * * .......{@o..#
, , ,*
##.#......###.... ,
# ##.##.## *.#.. , #
... * # , * ##.# *
,* ### , , * , * * *
, *


You could see Jorgrun, an orc warrior, 2 orc priests and an orc.

Vanquished Creatures
  An unseen horror (D:7)
  An elephant (D:10)
  A troll (D:9)
  4 hippogriffs
  A shadow (D:12)
  7 yaks
  2 basilisks (D:10)
  A hungry ghost (D:7)
  5 orc warriors
  4 sky beasts
  4 ogres
  5 centaurs
  A crocodile (Sewer)
  4 big kobolds
  A gnoll sergeant (D:9)
  2 bullfrogs (D:7)
  A water moccasin zombie (D:10)
  A scorpion (D:11)
  4 howler monkeys
  A centaur zombie (D:9)
  2 crimson imps
  2 hounds
  8 orc priests
  4 jellies
  A bullfrog skeleton (D:10)
  2 iguanas
  Natasha (D:4)
  6 worker ants
  3 orc wizards (Orc:1)
  A hound zombie (D:7)
  A worker ant zombie (D:5)
  9 gnolls
  4 adders
  3 shadow imps
  An ooze (D:7)
  An adder zombie (D:9)
  An adder skeleton (D:4)
  6 worms
  A dart slug (D:3)
  A leopard gecko (D:10)
  20 orcs
  3 giant cockroaches (D:3)
  7 goblins
  8 hobgoblins
  11 jackals
  25 kobolds
  5 quokkas
  4 bats
  A frilled lizard (D:3)
  2 leopard gecko skeletons (D:4)
195 creatures vanquished.

Notes
Turn   | Place    | Note
-------+----------+-------------------------------------------
     0 | D:1      | Yermak the Deep Dwarf Fighter began the quest for the Orb.
     0 | D:1      | Reached XP level 1. HP: 20/20 MP: 1/1
   189 | D:1      | Reached skill level 3 in Axes
   189 | D:1      | Reached XP level 2. HP: 24/27 MP: 2/2
   310 | D:2      | Found a faded altar of an unknown god.
   313 | D:2      | Became a worshipper of Dithmenos the Shadowed
   313 | D:2      | Reached * piety under Dithmenos
   375 | D:2      | Reached skill level 4 in Axes
   375 | D:2      | Reached XP level 3. HP: 23/33 MP: 3/3
   915 | D:3      | Reached XP level 4. HP: 24/40 MP: 4/4
   982 | D:3      | Found a glowing drain.
   988 | Sewer    | Entered a sewer
   994 | Sewer    | Reached ** piety under Dithmenos
  1036 | Sewer    | Noticed a crocodile
  1038 | Sewer    | Killed a crocodile
  1038 | Sewer    | Reached skill level 5 in Axes
  1038 | Sewer    | Reached XP level 5. HP: 28/46 MP: 5/5
  1086 | D:3      | Reached skill level 6 in Axes
  1207 | D:4      | Noticed Natasha
  1213 | D:4      | Killed Natasha
  1246 | D:4      | Found Bupreits's Antique Armour Shoppe.
  1265 | D:5      | Entered Level 5 of the Dungeon
  1441 | D:4      | Reached skill level 7 in Axes
  1441 | D:4      | Reached XP level 6. HP: 22/55 MP: 6/6
  1513 | D:6      | Found a staircase to the Ecumenical Temple.
  1526 | D:6      | Reached skill level 8 in Axes
  1561 | D:7      | Reached XP level 7. HP: 46/61 MP: 7/7
  1573 | D:7      | Found a white marble altar of Elyvilon.
  1598 | D:7      | Found a shimmering blue altar of Sif Muna.
  1605 | D:7      | Found a white marble altar of Elyvilon.
  1611 | D:7      | Reached skill level 1 in Dodging
  1639 | D:7      | Killed an unseen horror
  1639 | D:7      | Reached skill level 9 in Axes
  1639 | D:7      | Reached XP level 8. HP: 24/72 MP: 8/8
  1658 | D:7      | Noticed a hippogriff
  1675 | D:7      | Killed a hippogriff
  1675 | D:7      | Reached *** piety under Dithmenos
  1800 | D:7      | Reached skill level 6 in Shields
  1863 | D:7      | Reached skill level 10 in Axes
  1913 | D:7      | Gained mutation: You passively map the area around you.
                  | [Deep Dwarf growth]
  1913 | D:7      | Reached XP level 9. HP: 17/81 MP: 9/9
  2044 | D:8      | Reached **** piety under Dithmenos
  2070 | D:9      | Reached skill level 6 in Fighting
  2119 | D:9      | Noticed a troll
  2130 | D:9      | Reached skill level 11 in Axes
  2142 | D:9      | Killed a troll
  2195 | D:10     | Entered Level 10 of the Dungeon
  2264 | D:10     | Reached XP level 10. HP: 52/94 MP: 7/7
  2279 | D:10     | Reached skill level 14 in Axes
  2279 | D:10     | Reached XP level 11. HP: 56/100 MP: 8/8
  2286 | D:11     | Reached skill level 15 in Axes
  2291 | D:11     | Reached ***** piety under Dithmenos
  2425 | D:10     | Reached skill level 9 in Shields
  2620 | D:10     | Reached skill level 1 in Long Blades
  2677 | D:10     | Found a staircase to the Lair.
  2693 | D:10     | Reached skill level 3 in Long Blades
  2720 | D:10     | Found a runed translucent door.
  2720 | D:10     | Noticed zkyp's ghost (journeyman DgAr)
  2751 | D:10     | Found a staircase to the Orcish Mines.
  2758 | Orc:1    | Entered Level 1 of the Orcish Mines
  2784 | Orc:1    | Reached skill level 1 in Evocations
  2786 | Orc:1    | Noticed Jorgrun
  2804 | Orc:1    | HP: 1/100 [Jorgrun/uncursed staff of earth (21)]
  2804 | Orc:1    | Slain by an orc warrior

Levels and vault maps discovered:
D:1:      roderic_crop_circles_arrival_small, layout_loops_ring, minivault_14,
          evilmike_ruin_ashenzari
D:2:      layout_basic, chequers_ecumenical_altar_grove,
          chequers_serial_rivers_micro_e, minmay_heptomino_l4, uniq_jessica,
          uniq_robin, uniq_crazy_yiuf_cottage
D:3:      layout_basic, cheibrodos_sewer_entry_bend,
          nemelex_diamond_rough_becter
D:4:      layout_loops_cross, first_ration, serial_shops, shop_statue,
          gammafunk_ghost_grave, uniq_blork_the_orc, uniq_natasha
D:5:      layout_gridville, grunt_temple_overflow_gold_and_silver
D:6:      layout_basic, minmay_temple_entry_large_hall
D:7:      layout_basic, minitemple, nicolae_overflow_hidden_temple,
          nicolae_overflow_crystal_walls, elyvilon_altar_5
D:8:      layout_loops_ring, special_room [special_room_orc],
          blue_anna_alchemist [blue_anna_fruit_fields, blue_anna_fruit_fields]
D:9:      layout_cave_pools, grunt_dithmenos_smoke_and_mirrors,
          uniq_prince_ribbit1, uniq_grum
D:10:     layout_roguey, david_lair_generic, orc_0_dummy, gammafunk_ghost_grave
D:11:     layout_gridville, minmay_misc_feat_pillars, uniq_harold
D:12:     layout_cave_pods
Orc:1:    layout_caves, serial_shops, shop_fountains, uniq_jorgrun

Skill      XL: |  1  2  3  4  5  6  7  8  9 10 11 |
---------------+----------------------------------+-----
Axes           | 3 4 5 7 8 9 10 11 14 15 | 15.1
Dodging        | 1 |  1.0
Fighting       | 4 5 7 |  7.4
Shields        | 5 6 8 9 |  9.0
Long Blades    | 3 |  3.9
Evocations     | 2 |  2.0
Armour         | |  3.2

Action                   |  1- 3 |  4- 6 |  7- 9 | 10-12 || total
-------------------------+-------+-------+-------+-------++-------
Melee: War axe           |   118 |   118 |   258 |   104 ||   598
       Falchion          |       |       |       |    86 ||    86
 Abil: Heal Wounds       |     1 |     2 |    12 |     8 ||    23
Evoke: Wand              |       |     2 |     9 |       ||    11
       Lightning rod     |       |       |       |     3 ||     3
  Use: Scroll            |       |     2 |     7 |     4 ||    13
       Potion            |       |       |       |     3 ||     3
  Eat: Ration            |     1 |     1 |     5 |     2 ||     9
       Chunk             |       |       |     6 |       ||     6
Armor: Chain mail        |   154 |    89 |   187 |    10 ||   440
       Plate armour      |       |       |       |   130 ||   130
Dodge: Dodged            |    65 |    40 |    84 |    69 ||   258
Block: Shield            |   144 |    62 |   173 |   141 ||   520
       Rpst.: Falchion   |       |       |       |    11 ||    11
